 Dungeon Crawl Stone Soup version 0.17-a0-1421-g95311d7 (webtiles) character file.

4739 Snupthedog the Chiller (level 10, -3/74 HPs)
             Began as a Demonspawn Ice Elementalist on June 24, 2015.
             Slain by a troll (4 damage)
             ... on level 9 of the Dungeon.
             The game lasted 00:44:54 (9421 turns).

Snupthedog the Chiller (DsIE)                       Turns: 9421, Time: 00:44:57

Health: -3/74      AC: 11    Str:  7      XL:     10   Next: 22%
Magic:  0/19       EV: 12    Int: 17 (18) God:    Xom [.*....]
Gold:   549        SH:  6    Dex: 13      Spells: 5 memorised, 10 levels left

rFire  + . .     SeeInvis .     q - +4 quarterstaff (chaos)
rCold  + + .     Rnd*Rage +     m - +0 leather armour
rNeg   + . .     SustAt   .     (no shield)
rPois  +         Gourm    .     (no helmet)
rElec  +         Spirit   +     r - +0 cloak
rCorr  +         Warding  .     (no gloves)
rMut   .         Stasis   .     g - +1 pair of boots
MR     +....                    (no amulet)
Stlth  ++........               n - ring of protection from magic
                                u - ring of positive energy

@: icy armour, icy shield, resistant, somewhat resistant to hostile
enchantments, unstealthy
A: talons 1, berserk 1, blurry vision 2, clever 1, clumsy 1, cold resistance 1,
deformed body, deterioration 1, electricity resistance, spit poison 1, weak 2,
magic shield, magic regeneration
a: Spit Poison, Renounce Religion


You were on level 9 of the Dungeon.
You worshipped Xom.
You were a plaything of Xom.
You were hungry.

You visited 1 branch of the dungeon, and saw 9 of its levels.

You collected 591 gold pieces.
You spent 42 gold pieces at shops.

Inventory:

Hand weapons
 i - a +1 short sword
 q - a +4 quarterstaff of chaos (weapon)
 E - a +2 antimagic quarterstaff
Armour
 g - a +1 pair of boots (worn)
 m - a +0 leather armour (worn)
 r - a +0 cloak (worn)
Magical staves
 A - an uncursed staff of earth
Jewellery
 h - a +1 ring of protection
 n - a ring of protection from magic (right hand)
 u - a ring of positive energy (left hand)
Magical devices
 a - a wand of disintegration (2)
 e - a wand of confusion (12)
 y - a wand of cold (11)
 F - a wand of disintegration (7)
Scrolls
 f - a scroll of teleportation
 j - 2 scrolls of magic mapping
 k - 4 scrolls of identify
 l - a scroll of enchant armour
 w - 2 scrolls of remove curse
 D - 2 scrolls of recharging
Potions
 d - 3 potions of lignification
 p - a potion of brilliance
 v - 3 potions of curing
Books
 b - a book of Frost

   Spells                             Type                      Level
   a - Freeze                         Ice                          1
   b - Throw Frost                    Conjuration/Ice              2
   c - Ozocubu's Armour               Charms/Ice                   3
   d - Throw Icicle                   Conjuration/Ice              4
   e - Summon Ice Beast               Ice/Summoning                4
   f - Condensation Shield            Ice                          4
 o - a book of Debilitation

   Spells                             Type                      Level
   a - Corona                         Hexes                        1
   b - Slow                           Hexes                        2
   c - Gell's Gravitas                Hexes/Translocation          3
   d - Inner Flame                    Hexes/Fire                   3
   e - Cause Fear                     Hexes                        4
   f - Leda's Liquefaction            Hexes/Earth                  4
 t - a book of the Tempests

   Spells                             Type                      Level
   a - Static Discharge               Conjuration/Air              3
   b - Lightning Bolt                 Conjuration/Air              5
   c - Fireball                       Conjuration/Fire             5
   d - Tornado                        Air                          9
   e - Shatter                        Earth                        9
Comestibles
 c - 7 bread rations
 x - 6 beef jerkies
 z - a meat ration


   Skills:
 + Level 5.4 Fighting
 + Level 5.4 Staves
 - Level 4.1 Armour
 - Level 2.3 Dodging
 - Level 2.1 Stealth
   Level 5.0 Shields
 + Level 6.0 Spellcasting
 - Level 1.0 Conjurations
 * Level 7.5 Ice Magic


You had 10 spell levels left.
You knew the following spells:

 Your Spells              Type           Power        Failure   Level  Hunger
a - Freeze                Ice            ####         1%          1    None
b - Throw Frost           Conj/Ice       ###...       6%          2    None
c - Ozocubu's Armour      Chrm/Ice       ###.....     14%         3    ##.....
d - Corona                Hex            #......      21%         1    None
e - Condensation Shield   Ice            ####......   10%         4    ####...


Dungeon Overview and Level Annotations

Branches:
Dungeon (9/15)             Temple (0/1) D:7
   Lair: D:8-11         Orc: D:9-12

Altars:
Cheibriados
Dithmenos
Gozag
Makhleb
Sif Muna
Xom

Shops:
D:7 %(*(


Innate Abilities, Weirdness & Mutations

You have sharp toenails.
Your flesh is cold resistant.
When hurt, damage is shared between your health and your magic reserves.
You regenerate magic rapidly.
You tend to lose your temper in combat.
Scrolls take you longer to read.
Your mind is acute. (Int +2)
You are clumsy. (Dex -2)
Armour fits poorly on your strangely shaped body.
Your body sometimes deteriorates upon taking damage.
You are resistant to electric shocks.
You can spit weak poison.
You are very weak. (Str -4)


Message History

You sock the troll!
The troll is heavily wounded.
The troll bites you!
Your body deteriorates!
You feel dopey. The troll claws you!
* * * LOW HITPOINT WARNING * * *
The troll claws you but does no damage.
You hit the troll.
The troll is heavily wounded.
The troll bites you!
* * * LOW HITPOINT WARNING * * *
The troll claws you.
* * * LOW HITPOINT WARNING * * *
The troll claws you.
* * * LOW HITPOINT WARNING * * *
The troll bites you.
* * * LOW HITPOINT WARNING * * *
You block the troll's attack. The troll claws you.
You die...
Xom chuckles heartily!

o............
...g........
T..o.......
o........ ......#
#.... #o.# ##T.#2#
#@##### ..
..#####.# #_# ..#
#..
........###.###.#
#..
..........#.#..#
#..
.######...#.#.#
##.. #...#...#
#... , * *
##......# ##..) *
* * #.....##
###.... , * **
##.....#####......


You could see a troll, an orc warrior (wandering) and an orc.

Vanquished Creatures
  Pikel (D:9)
  Prince Ribbit (D:6)
  A two-headed ogre (D:9)
  A wyvern (D:8)
  A hippogriff (D:8)
  A water moccasin (D:7)
  2 phantoms (D:7)
  4 slaves
  2 sky beasts
  A black bear (D:9)
  2 ice beasts
  An eye of draining (D:8)
  A boggart (D:5)
  7 ogres
  A centaur (D:8)
  2 giant frogs
  A brain worm (D:5)
  Blork the orc (D:5)
  2 scorpions
  2 electric eels (D:6)
  2 wights
  5 killer bees
  2 giant frog zombies (D:5)
  3 crimson imps
  A quasit (D:7)
  An iron imp (D:7)
  A centaur skeleton (D:6)
  Crazy Yiuf (D:5)
  4 orc priests
  A giant frog skeleton (D:4)
  3 hounds
  5 orc wizards
  4 iguanas
  9 worker ants
  3 gnolls (D:9)
  A worker ant zombie (D:7)
  11 adders
  3 oozes
  3 worms
  2 giant geckos
  15 orcs
  2 ball pythons
  12 bats
  2 bat skeletons
  6 giant cockroaches
  15 goblins
  11 hobgoblins
  6 quokkas
  A ball python skeleton (D:6)
  A giant cockroach zombie (D:5)
  A giant gecko skeleton (D:5)
  A giant gecko zombie (D:5)
  2 giant newts
  A jackal skeleton (D:6)
  11 kobolds
  A quokka skeleton (D:6)
  A quokka zombie (D:7)
  13 rats
202 creatures vanquished.

Vanquished Creatures (collateral kills)
  A swamp drake (D:4)
  A killer bee (D:9)
  A worker ant (D:6)
  3 orcs (D:6)
6 creatures vanquished.

Vanquished Creatures (others)
  A killer bee (D:9)
  A worker ant (D:4)
  4 toadstools (D:1)
6 creatures vanquished.

Grand Total: 214 creatures vanquished

Notes
Turn   | Place    | Note
--------------------------------------------------------------
     0 | D:1      | Snupthedog the Demonspawn Ice Elementalist began the quest for the Orb.
     0 | D:1      | Reached XP level 1. HP: 13/13 MP: 3/3
   383 | D:1      | Gained mutation: You have sharp toenails. [demonic ancestry]
   383 | D:1      | Reached XP level 2. HP: 16/19 MP: 3/5
   456 | D:1      | Reached skill level 3 in Ice Magic
   982 | D:1      | Learned a level 2 spell: Throw Frost
  1181 | D:2      | Reached XP level 3. HP: 21/25 MP: 6/6
  1209 | D:2      | Found a shadowy altar of Dithmenos.
  1881 | D:2      | Reached skill level 1 in Fighting
  2377 | D:3      | Learned a level 3 spell: Ozocubu's Armour
  2455 | D:3      | Reached skill level 1 in Shields
  2642 | D:3      | Found a shimmering altar of Xom.
  2650 | D:3      | Became a worshipper of Xom of Chaos
  2737 | D:3      | Gained mutation: When hurt, damage is shared between your health and your magic reserves. [demonic ancestry]
  2737 | D:3      | Reached XP level 4. HP: 32/32 MP: 0/7
  2810 | D:3      | XOM: harmless Hex miscast
  2842 | D:3      | XOM: divination: detect creatures
  2993 | D:3      | XOM: divination: detect creatures
  3151 | D:4      | XOM: medium Chrm miscast
  3152 | D:4      | Reached XP level 5. HP: 37/37 MP: 8/8
  3193 | D:4      | XOM: destruction
  3221 | D:4      | XOM: scenery: 1 doors open
  3257 | D:4      | Noticed an ogre
  3277 | D:4      | Noticed an ogre
  3277 | D:4      | Noticed a swamp drake
  3277 | D:4      | an ogre changed into a swamp drake
  3277 | D:4      | XOM: polymorph ogre -> swamp drake
  3285 | D:4      | XOM: summons 4 friendly demons
  3295 | D:4      | Killed a swamp drake
  3312 | D:4      | XOM: give mutations
  3312 | D:4      | Gained mutation: Your body sometimes deteriorates upon taking damage. [Xom's mischief]
  3312 | D:4      | Gained mutation: Armour fits poorly on your strangely shaped body. [Xom's mischief]
  3312 | D:4      | Gained mutation: You are clumsy. (Dex -2) [Xom's mischief]
  3433 | D:4      | Reached skill level 4 in Shields
  3440 | D:4      | XOM: colour smoke trail
  3616 | D:4      | XOM: 2-stop teleportation journey
  3704 | D:4      | Noticed an ogre
  3724 | D:4      | Learned a level 1 spell: Corona
  3726 | D:4      | XOM: silly message
  3737 | D:4      | Killed an ogre
  3737 | D:4      | Reached XP level 6. HP: 25/43 MP: 0/9
  3792 | D:4      | Reached skill level 5 in Shields
  4073 | D:4      | XOM: harmless Trmt miscast
  4083 | D:4      | Killed an ogre
  4083 | D:4      | Reached skill level 1 in Armour
  4132 | D:4      | XOM is BORED!
  4132 | D:4      | XOM: mild Necr miscast
  4170 | D:4      | XOM: colour smoke trail
  4232 | D:4      | You fall through a shaft!
  4232 | D:5      | Entered Level 5 of the Dungeon
  4325 | D:5      | Gained mutation: You regenerate magic rapidly. [demonic ancestry]
  4325 | D:5      | Reached XP level 7. HP: 32/49 MP: 6/11
  4681 | D:5      | XOM: enchant monster (bad)
  4705 | D:5      | Noticed a water moccasin
  4715 | D:5      | a water moccasin changed into a boggart
  4715 | D:5      | XOM: polymorph water moccasin -> boggart
  4718 | D:5      | XOM: stat loss: -1 Dex (11/12)
  4883 | D:5      | XOM: colour smoke trail
  4889 | D:5      | Noticed Crazy Yiuf
  4905 | D:5      | Killed Crazy Yiuf
  5034 | D:5      | XOM: give mutations
  5034 | D:5      | Gained mutation: You tend to lose your temper in combat. [Xom's mischief]
  5034 | D:5      | Gained mutation: You are weak. (Str -2) [Xom's mischief]
  5035 | D:5      | XOM: harmless Hex miscast
  5056 | D:5      | XOM: noise
  5405 | D:5      | XOM: polymorph ogre -> brain worm
  5409 | D:5      | Reached skill level 1 in Staves
  5472 | D:5      | Noticed Blork the orc
  5486 | D:5      | Killed Blork the orc
  5486 | D:5      | Reached XP level 8. HP: 41/57 MP: 10/13
  5515 | D:5      | Gained mutation: Scrolls take you a little longer to read. [mutagenic meat]
  5516 | D:5      | Gained mutation: You can spit weak poison. [mutagenic meat]
  5517 | D:5      | Gained mutation: You are resistant to electric shocks. [mutagenic meat]
  5518 | D:5      | Gained mutation: You are very weak. (Str -4) [mutagenic meat]
  5519 | D:5      | Gained mutation: Scrolls take you longer to read. [mutagenic meat]
  5838 | D:5      | Learned a level 4 spell: Condensation Shield
  5845 | D:6      | XOM: mild Chrm miscast
  5898 | D:6      | Noticed Prince Ribbit
  5901 | D:6      | XOM: enchant monster (good)
  5903 | D:6      | XOM: summons friendly crimson imp
  5911 | D:6      | Killed Prince Ribbit
  5911 | D:6      | Reached skill level 5 in Ice Magic
  5943 | D:6      | XOM: harmless Summ miscast
  6084 | D:6      | XOM: butterfly on damage
  6304 | D:6      | XOM: chaos cloud
  6456 | D:6      | XOM: harmless Necr miscast
  6623 | D:6      | XOM: 1-stop teleportation journey
  6725 | D:6      | Gained mutation: Your flesh is cold resistant. [demonic ancestry]
  6725 | D:6      | Reached XP level 9. HP: 64/64 MP: 16/16
  6876 | D:7      | XOM: mild Air miscast
  6942 | D:7      | Reached skill level 5 in Spellcasting
  6942 | D:7      | Reached skill level 6 in Ice Magic
  6946 | D:7      | Found a staircase to the Ecumenical Temple.
  6988 | D:7      | Found an opulent altar of Gozag.
  7043 | D:7      | XOM: noise
  7044 | D:7      | XOM: noise
  7057 | D:7      | XOM: mild Tloc miscast
  7071 | D:7      | XOM: enchant monster (bad)
  7090 | D:7      | Found a snail-covered altar of Cheibriados.
  7214 | D:7      | Found Davvual's Food Shop.
  7248 | D:7      | Found Warghyman's Antique Weapon Shoppe.
  7281 | D:7      | Found Ileho's General Store.
  7289 | D:7      | Bought a potion of curing for 42 gold pieces
  7290 | D:7      | XOM: harmless Erth miscast
  7418 | D:7      | Found a deep blue altar of Sif Muna.
  7442 | D:7      | Found Axkigyi's Weapon Shoppe.
  7543 | D:7      | XOM: noise
  7620 | D:8      | XOM: divination: detect items
  7900 | D:8      | XOM: harmless Conj miscast
  7934 | D:8      | XOM: potion effect (berserk rage)
  8111 | D:8      | XOM: noise
  8122 | D:8      | XOM: confuse monster(s)
  8241 | D:8      | Reached skill level 7 in Ice Magic
  8291 | D:8      | XOM: summons 4 hostile demons
  8398 | D:8      | XOM: harmless Summ miscast
  8429 | D:8      | XOM: noise
  8458 | D:8      | XOM: stat loss: -1 Dex (12/13)
  8591 | D:8      | XOM: colour smoke trail
  8759 | D:9      | Noticed Pikel
  8767 | D:8      | XOM: blink monster(s)
  8810 | D:9      | Reached skill level 5 in Staves
  8857 | D:9      | XOM: cast spell 'Olgreb's Toxic Radiance'
  8858 | D:9      | Killed Pikel
  8858 | D:9      | Reached skill level 5 in Fighting
  8858 | D:9      | Reached XP level 10. HP: 25/74 MP: 5/18
  8865 | D:9      | XOM: divination: magic mapping
  8900 | D:9      | XOM: mild Hex miscast
  9254 | D:9      | XOM: god gift: 49 gold pieces
  9266 | D:9      | XOM: enchant monster (good)
  9321 | D:9      | XOM: smoke on damage
  9350 | D:9      | Found a burning altar of Makhleb.
  9353 | D:9      | Noticed a green death
  9364 | D:9      | XOM: enchant monster (bad)
  9387 | D:9      | Gained mutation: Your mind is acute. (Int +2) [potion of beneficial mutation]
  9421 | D:9      | HP: 1/74 [troll (4)]
  9421 | D:9      | Slain by a troll

Vault maps used:
D:1:      ldierk_walled_garden_2
D:2:      first_bread, grunt_dithmenos_smoke_and_mirrors
D:3:      xom_redecorated
D:4:      roderic_roman_lattice
D:5:      wad_river_or_something, minmay_ogre_servants, uniq_blork_the_orc,
          uniq_crazy_yiuf_cottage
D:6:      serial_bayou_lagoon_b, uniq_prince_ribbit1
D:7:      slow_altar_1, nicolae_overflow_hidden_temple,
          minmay_temple_entry_crystal_x, serial_shops, kennysheep_mini,
          nicolae_shop_temple_entry_statues_fountains, kennysheep_little_box,
          kennysheep_mini_moat, grunt_ogre_cave, hex_medium,
          minmay_misc_feat_square
D:8:      minmay_misc_feat_doors
D:9:      makhleb_altar_promises_db, uniq_maurice, uniq_joseph, uniq_pikel,
          uniq_erica

Action                   |  1- 3 |  4- 6 |  7- 9 | 10-12 || total
-------------------------+-------+-------+-------+-------++-------
Melee: Dagger            |     8 |       |       |       ||     8
       Unarmed           |     7 |       |       |       ||     7
       Short sword       |   128 |   157 |    69 |       ||   354
       Quarterstaff      |       |       |   405 |    77 ||   482
 Cast: Freeze            |    27 |    25 |    40 |       ||    92
       Throw Frost       |     1 |     4 |     3 |     3 ||    11
       Ozocubu's Armour  |       |     1 |    27 |     5 ||    33
       Corona            |       |       |     5 |       ||     5
       Condensation Shie |       |       |     2 |     2 ||     4
Evoke: Wand              |       |     4 |       |       ||     4
  Use: Scroll            |    10 |     1 |     3 |       ||    14
       Potion            |       |     4 |     3 |     5 ||    12
 Stab: Sleeping          |     6 |       |     3 |       ||     9
       Distracted        |       |     1 |       |       ||     1
       Petrifying        |       |       |     1 |       ||     1
       Paralysed         |       |       |     9 |       ||     9
       Confused          |       |       |     2 |       ||     2
  Eat: Chunk             |     1 |     1 |    12 |       ||    14
       Bread ration      |     1 |     1 |       |       ||     2
       Royal jelly       |       |     1 |       |       ||     1
       Beef jerky        |       |     1 |       |       ||     1
       Meat ration       |       |       |     3 |       ||     3
       Pizza             |       |       |     1 |       ||     1
